[Event "ONJK FGH 1"]
[Site "Enschede, Netherlands"]
[Date "2022.08.08"]
[Round "1.1"]
[White "Rudolph, Daria"]
[Black "De Wit, Jim"]
[Result "0-1"]
[TimeControl "25min + 10sec/move"]
[WhiteElo "370"]
[BlackElo "889"]

1. e4 c5 2. Nf3 d6 3. d4 cxd4 4. c3 Nf6 5. cxd4 Nxe4 6. Bd3 Nf6 7. Nc3 Nc6 8. Bc4 Bd7 9. Bf4 Na5 10. b3 Nxc4 11.
bxc4 e6 12. Bg5 Be7 13. Bxf6 Bxf6 14. d5 Bxc3+ 15. Nd2 Bxa1 16. Qxa1 e5 17. O-O O-O 18. h3 Rb8 19. Ne4 Qe7 20.
c5 dxc5 21. Qc3 b6 22. d6 Qe6 23. Rd1 Qxa2 24. Rd2 Qb1+ 25. Kh2 Qxe4 26. f3 Qb4 27. Qc2 Ba4 28. Qc1 Qf4+ 29. Kh1 Rfd8 30. Qc3 Bb3 31. Rb2 Bd5 32. Rd2 Bc4 33. d7 Qh6 34. Rd1 Be2 35. Rd2 Bb5 36.
Rd1 Bxd7 37. Qxe5 Bxh3 38. Rxd8+ Rxd8 39. gxh3 Qg6 40. Qe7 Rd1+ 41. Kh2 Qg1# 0-1

[Event "ONJK FGH 1"]
[Site "Enschede, Netherlands"]
[Date "2022.08.08"]
[Round "1.2"]
[White "Okita, Ryoga"]
[Black "Gang, Luke Wan Cheng"]
[Result "1-0"]
[TimeControl "25min + 10sec/move"]
[WhiteElo "829"]
[BlackElo "356"]

1. e4 e5 2. Nf3 Nc6 3. Bc4 Nh6 4. d3 Bb4+ 5. c3 Bc5 6. Ng5 f6 7. Nf3 f5 8. O-O fxe4 9. dxe4 Na5 10. Nxe5 Bd6 11. b4 Bxe5 12.
bxa5 Qh4 13. g3 Qh3 14. Qf3 Ng4 15. Qg2 Qh6 16.
Bxh6 Nxh6 17. f4 Bd6 18. e5 Ba3 19. Nxa3 c6 20. a6 bxa6 21. Nb5 axb5 22. Bxb5 cxb5 23. Qxa8 O-O 24. Qd5+ Nf7 25. Qxb5 d6 26. exd6 Nxd6 27. Qd5+ Nf7 28. Rfe1 Kh8 29. Qe4 Nd6 30.
Qe5 Re8 31. Qxe8+ Nxe8 32. Rxe8# 1-0

[Event "ONJK FGH 1"]
[Site "Enschede, Netherlands"]
[Date "2022.08.08"]
[Round "1.3"]
[White "Hendriks, Liam"]
[Black "Georgopoulos-Karbouniaris"]
[Result "0-1"]
[TimeControl "25min + 10sec/move"]
[WhiteElo "333"]
[BlackElo "787"]

1. e4 e5 2. Bc4 Nf6 3. Bd3 Bc5 4. Nf3 Nc6 5. O-O d6 6. Nc3 Bg4 7. Na4 O-O 8. Nxc5 dxc5 9. Nxe5 Bxd1 10. Nxc6 bxc6 11. e5 Ng4 12. Rxd1 Qh4 13. g3 Qxh2+ 14. Kf1 Qxf2# 0-1

[Event "ONJK FGH 1"]
[Site "Enschede, Netherlands"]
[Date "2022.08.08"]
[Round "2.1"]
[White "De Wit, Jim"]
[Black "Decraene, Eden"]
[Result "1-0"]
[TimeControl "25min + 10sec/move"]
[WhiteElo "889"]
[BlackElo "700"]

1. d4 d5 2. c4 dxc4 3. e4 e6 4. Nc3 Nc6 5. Bxc4 Nxd4 6. Be3 e5 7. Bxd4 exd4 8. Nce2 Bg4 9. f3 Bb4+ 10.
Kf1 Be6 11. Qa4+ c6 12. Qxb4 Bxc4 13. Qxc4 b5 14. Qxc6+ Qd7 15. Qxa8+ Ke7 16. Nf4 b4 17. Qd5 Nf6 18. Qxd7+ Nxd7 19. Nd5+ Ke6 20. Nh3 Rc8 21. Nhf4+ Kd6 22. Nxb4 Rc4 1-0

[Event "ONJK FGH 1"]
[Site "Enschede, Netherlands"]
[Date "2022.08.08"]
[Round "2.2"]
[White "Zhang, Melody"]
[Black "Okita, Ryoga"]
[Result "0-1"]
[TimeControl "25min + 10sec/move"]
[WhiteElo "667"]
[BlackElo "829"]

1. e4 e5 2. Nf3 Nc6 3. Bc4 Bc5 4.
O-O d6 5. h3 Nf6 6. d3 Be6 7. Bb3 O-O 8. Be3 Bb6 9. Nc3 h6 10. Nd5 Bxd5 11. exd5 Nd4 12. Bxd4 exd4 13. c3 Re8 14.
cxd4 c5 15. dxc5 Bxc5 16. Re1 Qc7 17. d4 Bb4 18. Re2 Rxe2 19. Qxe2 Re8 20. Qd1 Nh7 21. a3 Ba5 22. Ba4 Re7 23. b4 Bb6 24. Rc1 Qd8 25. Qc2 Rc7 26. Qb2 Re7 27. Qc3 Rc7 28.
Qb2 Ng5 29. Nxg5 Bxd4 30. Qd2 Rxc1+ 31. Qxc1 Qxg5 32. Bc2 Qxc1+ 33. Kh2 Qxc2 34. f3 Qb3 35. b5 Qxb5 36. Kh1 Be5 37. a4 Qf1# 0-1

[Event "ONJK FGH 1"]
[Site "Enschede, Netherlands"]
[Date "2022.08.08"]
[Round "2.3"]
[White "Georgopoulos-Karbouniaris"]
[Black "Zantingh, Syd"]
[Result "1/2-1/2"]
[TimeControl "25min + 10sec/move"]
[WhiteElo "787"]
[BlackElo "651"]

1. e4 e5 2. Nf3 Nc6 3. Bc4 Bc5 4. d3 Nf6 5. Nc3 d6 6. h3 Be6 7. Bxe6 fxe6 8. Bg5 h6 9.
Bh4 O-O 10. O-O a6 11. a3 Bd4 12. Rb1 Bxc3 13. bxc3 d5 14. exd5 exd5 15. c4 e4 16. dxe4 dxe4 17. Qxd8 Raxd8 18. Bxf6 Rxf6 19.
Nh2 Rd2 20. Rxb7 Rxc2 21. Rxc7 Rxc4 22. Rc8+ Kh7 23. Ng4 Rd6 24. Ne3 Rc3 25. Nf5 Rf6 26. Nd4 a5 27. Nb5 Rc5 28. Na7 a4 29.
Nb5 Rxb5 30. Re1 Rb3 31. Rxe4 Na5 32. h4 Rxa3 33. h5 Rf5 34. Ree8 Rxh5 35. Re1 g5 36. Rc7+ Kg6 37. Re6+ Kf5 38. Re1 g4 39. Rc5+ Kg6 40.
Re6+ Kg7 41. Rxh5 Ra1+ 42. Kh2 Nc4 43. Ra6 Ra2 44. Rb5 Rxf2 45. Rb7+ Rf7 46. Rxf7+ Kxf7 47. Rxa4 Ne5 48. Kg3 h5 49. Kh4 Kg6 50. Ra6+ Kf5 51. Ra5 Kf4 52. Kxh5 Nd3 53.
Ra4+ Kg3 54. Rxg4+ Kf2 55. Rg8 Nf4+ 56. Kh4 Nxg2+ 57. Kh3 Nf4+ 58. Kh2 Ke3 59. Re8+ Kf2 60. Rf8 Kf3 61. Kg1 Kg3 62. Rg8+ Kf3 63.
Ra8 Nh3+ 64. Kh2 Nf2 65.
Ra3+ Kf4 66. Kg2 Ng4 67. Ra4+ Kg5 68. Kg3 Nf6 69. Ra5+ Kg6 70. Kf4 Kf7 71. Ra6 Nd5+ 72. Kf5 Ne3+ 73. Ke4 Nc4 74. Kf5 Ne3+ 75.
Kg5 Nc4 76. Ra7+ Ke6 77. Ra8 Ne5 78. Re8+ Kd6 79. Kf5 Nd7 80. Rd8 Kc7 81. Rh8 Kc6 82. Ke6 Nc5 83. Ke5 Nd3+ 84. Ke4 Nc5+ 85. Kd4 Nb3+ 86. Kc4 Na5+ 87. Kb4 Nb7 88. Rh6+ Nd6 89. Kc3 Kd5 90. Kd3 Nf5 91. Rh5 Ke5 92. Ke2 Ke4 93. Kf2 Kf4 94. Rh8 Nd4 95. Rf8+ Ke5 96. Re8+ Kd5 97. Ke3 Nc2+ 98. Kd2 Nd4 99.
Kd3 Nc6 100. Re4 Ne5+ 101. Kc3 Kxe4 1/2-1/2

[Event "ONJK FGH 1"]
[Site "Enschede, Netherlands"]
[Date "2022.08.09"]
[Round "3.1"]
[White "Westerhof, Siem"]
[Black "De Wit, Jim"]
[Result "0-1"]
[TimeControl "25min + 10sec/move"]
[WhiteElo "739"]
[BlackElo "889"]

1. e4 c5 2. Nf3 d6 3. Bc4 Nf6 4. d3 Bg4 5. Nc3 a6 6. Bg5 e6 7. O-O Nc6 8. Qe2 Nd4 9. Qd1 Bxf3 10.
gxf3 b5 11. Bxf6 Qxf6 12. Bb3 Nxf3+ 13. Kh1 Qf4 14. Qxf3 Qxf3+ 15. Kg1 Qg4+ 16. Kh1 Qg5 17. Rg1 Qd8 18. Rad1 b4 19. Ne2 a5 20. Bc4 Be7 21. Bb5+ Kf8 22. c4 bxc3 23.
bxc3 Rb8 24. Bc4 d5 25. Bb3 Qd6 26. exd5 exd5 27. Rg3 h5 28. Rgg1 Bd8 29. c4 Bc7 30. Rg2 h4 31. h3 Qd7 32.
Kg1 d4 33. Kh1 Qxh3+ 34. Kg1 Rb6 35. Kf1 Rg6 0-1

[Event "ONJK FGH 1"]
[Site "Enschede, Netherlands"]
[Date "2022.08.09"]
[Round "3.2"]
[White "Okita, Ryoga"]
[Black "Terlouw, Frank"]
[Result "1-0"]
[TimeControl "25min + 10sec/move"]
[WhiteElo "829"]
[BlackElo "731"]

1. e4 d6 2. d4 Nf6 3.
Nc3 c6 4. Bg5 Qa5 5. Bxf6 gxf6 6. Nf3 e5 7. d5 Be7 8. Bc4 Qb4 9. Bb3 b5 10. a3 Qa5 11.
Ba2 Bd7 12. b4 Qc7 13. Qd3 Bg4 14. dxc6 Nxc6 15. Nxb5 Qb6 16. Nd2 Be6 17. Bxe6 fxe6 18. Nxd6+ Bxd6 19. Qxd6 Nd4 20. Qxb6 axb6 21. Ra2 Rxa3 22.
Rxa3 Nxc2+ 23. Ke2 Nxa3 24. Ra1 Nc2 25. Ra8+ Kf7 26. Rxh8 Kg7 27. Rb8 Nxb4 28. Rxb6 Nc2 29. Nf3 Na3 30. Rxe6 Nc4 31. Re7+ Kg6 32.
Kd3 Nb2+ 33. Kc2 Nc4 34. Kc3 Nb6 35. Re6 Nd7 36. Kc4 Nb8 37. Nxe5+ Kg5 38. Nf3+ Kf4 39. Rxf6 Kg4 40. Rh6 Kg5 41. Rxh7+ Kg6 42. Rb7 Nc6 43. Rb6 Kf7 44. Rxc6 Ke7 45.
Kd5 Kd7 46. Ra6 Ke7 47. Nd4 Kd7 48.
Ra7+ Ke8 49. Kd6 Kf8 50.
Ke6 Kg8 51. Kf6 Kh8 52. Kg6 Kg8 53. Ra8# 1-0

[Event "ONJK FGH 1"]
[Site "Enschede, Netherlands"]
[Date "2022.08.09"]
[Round "3.3"]
[White "Verwer, Cedric"]
[Black "Mousa, Besher"]
[Result "1-0"]
[TimeControl "25min + 10sec/move"]
[WhiteElo "552"]
[BlackElo "782"]

1. e4 e5 2. Nf3 Nc6 3. d4 f6 4.
d5 Nb8 5. Bc4 Bc5 6. O-O a6 7.
Nc3 b5 8. Bd3 Ne7 9. Be3 d6 10. a3 Bg4 11. b4 Bb6 12. a4 Nd7 13. a5 Ba7 14. Bxa7 Rxa7 15. Ne2 O-O 16. c4 bxc4 17.
Bxc4 h6 18. b5 axb5 19. Bxb5 c6 20.
dxc6 Rxa5 21. Qb3+ Rxa1 22. Rxa1+ Kh8 23. cxd7 Bxd7 24. Rd1 Bxb5 25. Qxb5 Qa8 26. Qd7 Ng6 27. Nc3 Nf4 28. Nh4 f5 29.
g3 Nh3+ 30. Kf1 Qa6+ 31. Ne2 Qb6 32. Ng6+ Kg8 33. Qe6+ Rf7 34. Ne7+ Kh7 35. Qg6+ Kh8 36. Kg2 Qxf2+ 37. Kxh3 Qxe2 38. Rxd6 Qf1+ 39. Kh4 Qe2 40. Rd8+ Rf8 41. Rxf8# 1-0

[Event "ONJK FGH 1"]
[Site "Enschede, Netherlands"]
[Date "2022.08.09"]
[Round "4.1"]
[White "De Wit, Jim"]
[Black "Oelmeijer, Sjoerd"]
[Result "0-1"]
[TimeControl "25min + 10sec/move"]
[WhiteElo "889"]
[BlackElo "743"]

1. d4 d5 2. c4 e6 3. Nc3 Nf6 4. Bg5 Nbd7 5. e4 dxe4 6. Nxe4 Bb4+ 7. Nc3 Be7 8. Nf3 O-O 9. Bd3 h6 10.
Bxf6 Nxf6 11. O-O b6 12. Ne4 Bb7 13. Nxf6+ Bxf6 14. Be2 Bxf3 15. Bxf3 Rb8 16. d5 exd5 17. cxd5 Re8 18. Rb1 Qd7 19.
Rc1 Bxb2 20. Rc2 Bf6 21. h3 Rbc8 22. Bg4 Qd8 23. Bxc8 Qxc8 24. d6 Rd8 25. Rxc7 Qe6 26. Re1 Qxd6 27.
Qc2 Be5 28. Rxa7 Re8 29. g3 Rf8 30. Qf5 Bf6 31. a3 Qb8 32. Ra4 b5 33. Rb4 Bc3 34. Reb1 Bxb4 35. Rxb4 Qa8 36. Qxb5 Qxa3 37.
Rb1 Qa8 38. Qe2 Qc8 39. Kh2 Re8 40. Qf1 Qe6 41. Kg1 Qe2 42. Qxe2 Rxe2 43. Rf1 Re8 44. f3 Rf8 45. Rf2 f5 46.
Kg2 f4 47. g4 g6 48. h4 g5 49. h5 Kf7 50. Rc2 Ke6 51. Re2+ Kd5 52. Kf2 Kd4 53. Re4+ Kd3 54. Re2 Rc8 55.
Ke1 Rc3 56. Kf2 Rc2 57. Rxc2 Kxc2 58. Ke2 Kc3 59. Ke1 Kd3 60. Kf2 Kd2 61. Kf1 Ke3 62. Kg2 Ke2 63. Kg1 Kxf3 64. Kh2 Kxg4 65. Kg2 Kxh5 66. Kf3 g4+ 67. Kxf4 Kh4 68. Ke3 g3 69.
Kf3 Kh3 70. Ke2 Kh2 71. Kf1 g2+ 72. Kf2 g1=Q+ 73. Kf3 h5 74. Kf4 Qg2 75. Ke3 Qf1 76. Ke4 Qf2 77. Ke5 Qf3 78. Kd4 Qe2 79. Kd5 h4 80.
Kd4 Kg2 81. Kd5 Qd3+ 82. Ke5 h3 83. Kf4 h2 84. Kg4 h1=Q 85. Kf4 Qf3+ 86. Ke5 Qe1+ 87. Kd5 Qd3+ 88. Kc5 Qc1+ 89. Kb6 Qb3+ 90. Ka6 Qa1# 0-1

[Event "ONJK FGH 1"]
[Site "Enschede, Netherlands"]
[Date "2022.08.09"]
[Round "4.2"]
[White "Okita, Ryoga"]
[Black "Zantingh, Kyo"]
[Result "1-0"]
[TimeControl "25min + 10sec/move"]
[WhiteElo "829"]
[BlackElo "739"]

1. e4 f5 2. d4 fxe4 3. Nc3 Nf6 4. f3 exf3 5. Nxf3 e6 6. Bc4 d5 7. Bb5+ c6 8. Ba4 Be7 9. O-O O-O 10. Ne5 Bd6 11. Bg5 h6 12. Bh4 Bxe5 13. dxe5 b5 14. exf6 bxa4 15. fxg7 Qxh4 16. gxf8=Q+ Kh7 17. Qd3+ Qe4 18. Rf7+ Kg6 19. Qg3+ Kh5 20.
Nxe4 dxe4 21. Qe8 e5 22. Rf5# 1-0

[Event "ONJK FGH 1"]
[Site "Enschede, Netherlands"]
[Date "2022.08.09"]
[Round "4.3"]
[White "Terlouw, Frank"]
[Black "Verwer, Cedric"]
[Result "1-0"]
[TimeControl "25min + 10sec/move"]
[WhiteElo "731"]
[BlackElo "552"]

1. e4 e5 2. Nf3 Nc6 3. Bb5 a6 4.
Bxc6 dxc6 5. c3 Nf6 6. O-O Bd6 7. Re1 O-O 8. d4 Bg4 9. h3 Bxf3 10. Qxf3 c5 11. dxc5 Bxc5 12. Bg5 Be7 13. Rd1 Nd7 14. Bxe7 Qxe7 15. Qf5 Nf6 16. Nd2 g6 17. Qf3 Rad8 18. Nc4 Rxd1+ 19. Rxd1 Qc5 20. Ne3 Nh5 21. g3 Qc6 22. Nd5 Qc5 23. Ne3 Qb6 24. b3 Qa5 25. g4 Nf4 26. Nd5 Ne6 27. Ne7+ Kg7 28.
Nd5 Qxa2 29. Qf6+ Kh6 30. Qh4+ Kg7 31. Qf6+ Kh6 32. Ne7 Nf4 33. Nf5# 1-0

[Event "ONJK FGH 1"]
[Site "Enschede, Netherlands"]
[Date "2022.08.09"]
[Round "5.1"]
[White "Oelmeijer, Sjoerd"]
[Black "Okita, Ryoga"]
[Result "0-1"]
[TimeControl "25min + 10sec/move"]
[WhiteElo "743"]
[BlackElo "829"]

1. e4 e5 2. Nf3 Nc6 3. Bc4 Nf6 4. Ng5 d5 5. exd5 Nxd5 6. d3 Bc5 7. O-O h6 8. Ne4 Bb6 9. Bxd5 Qxd5 10.
Nbc3 Qd8 11. Be3 O-O 12. Bxb6 axb6 13. f4 f5 14. Ng3 exf4 15. Rxf4 Qg5 16. Rf1 f4 17. Nge4 Qg6 18. Nd5 Bg4 19. Qd2 f3 20. g3 Bh3 21.
Rf2 Kh8 22. Nxc7 Rac8 23. Nd5 Rcd8 24. Nf4 Rxf4 25. Qxf4 Nd4 26. Qc7 Rc8 27. Qxb6 Qxb6 28. c3 Ne2+ 29. Kh1 Bg2+ 30. Rxg2 fxg2+ 31. Kxg2 Qxb2 32. Re1 Nxc3+ 33. Nf2 Rf8 34. Rf1 Qxa2 35. h3 Qd5+ 36. Kg1 Ne2+ 37. Kh2 Nxg3 38. Kxg3 Qf3+ 39. Kh2 Qxf2+ 40. Rxf2 Rxf2+ 41. Kg3 Rd2 42.
Kf3 Rxd3+ 43. Ke4 Rxh3 44. Kd5 g5 45.
Kd6 g4 46. Kc7 g3 47. Kxb7 g2 48. Kc6 g1=Q 49. Kd5 Re3 50. Kd4 Qf2 51. Kc4 Qd2 52. Kc5 Rc3+ 53. Kb4 Qb2+ 0-1

[Event "ONJK FGH 1"]
[Site "Enschede, Netherlands"]
[Date "2022.08.09"]
[Round "5.2"]
[White "Terlouw, Frank"]
[Black "De Wit, Jim"]
[Result "0-1"]
[TimeControl "25min + 10sec/move"]
[WhiteElo "731"]
[BlackElo "889"]

1. e4 c5 2. Nf3 d6 3. c3 e5 4. d4 exd4 5. cxd4 cxd4 6. Qxd4 Nc6 7. Qe3 Nf6 8.
Nc3 Be7 9. Nd5 O-O 10. Nxe7+ Qxe7 11.
Bd3 Re8 12. Nd2 Qd7 13. b3 d5 14.
f3 d4 15. Qf4 Nh5 16. Qh4 g6 17. O-O Qc7 18. Nc4 b5 19. Na3 Nb4 20. Bxb5 Rd8 21. Bd3 Nxd3 22. Nb5 Qb6 23. Bd2 Be6 24.
Qg5 f6 25. Qh4 Qxb5 26. g4 Ng7 27. Qxf6 Qc5 28. f4 Rf8 29. Qg5 Qxg5 30. fxg5 Rxf1+ 31. Rxf1 Rf8 32. Rf6 Rxf6 33. gxf6 Ne8 34. g5 Nd6 35. e5 Ne4 36. Ba5 Nxe5 37. h4 d3 38. Kf1 d2 39.
Ke2 Bg4+ 40. Ke3 d1=Q 41. Kxe4 Qd3+ 42. Kxe5 Qb5+ 43. Kf4 Bf5 44. b4 Qc4+ 45. Ke5 Qe4+ 46.
Kd6 Qd4+ 47. Kc6 Be4+ 48. Kc7 Qd5 49. Kc8 Bf5+ 50. Kb8 Qd7 51. Ka8 Be4+ 52. Kb8 Qb7# 0-1

[Event "ONJK FGH 1"]
[Site "Enschede, Netherlands"]
[Date "2022.08.09"]
[Round "5.3"]
[White "Datta, Satadru"]
[Black "Zhang, Melody"]
[Result "1-0"]
[TimeControl "25min + 10sec/move"]
[WhiteElo "786"]
[BlackElo "667"]

1. e4 e5 2. Nf3 Nc6 3. Bc4 Bc5 4.
Nc3 Nf6 5. d3 O-O 6. Bg5 h6 7. Bh4 d6 8. Nd5 g5 9. Nxf6+ Qxf6 10. Bg3 Bg4 11. O-O Nd4 12. c3 Nxf3+ 13. gxf3 Bxf3 14. Qe1 Bg4 15. b4 Bb6 16.
a4 Bh3 17. a5 Bxf1 18. Qxf1 Qg6 19. axb6 axb6 20. Rb1 c6 21.
Bb3 c5 22. b5 Ra5 23. Bc2 Re8 24. Qe2 Re6 25. Bd1 f5 26. Qh5 fxe4 27. Qxg6+ Rxg6 28. dxe4 Ra4 29. Bxa4 Re6 30. Bb3 d5 31.
Bxd5 Kf7 32. Bxe6+ Kxe6 33. Kg2 h5 34. h3 h4 35. Bh2 Kf6 36. Ra1 Ke6 37. Ra8 Kd6 38. Rb8 c4 39.
Rxb7 Kc5 40. Rxb6 g4 41. Rg6 Kxb5 42. Rxg4 Ka4 43. Bxe5 Kb5 44. f4 Kc6 45. f5 Kd7 46. f6 Ke6 47. Rg8 Kf7 48. Bd4 Ke6 49. Ra8 Kf7 50. Ra6 Kf8 51. e5 Ke8 52. Ra7 Kf8 53. e6 Ke8 54. Bc5 Kd8 55. f7 1-0

[Event "ONJK FGH 1"]
[Site "Enschede, Netherlands"]
[Date "2022.08.09"]
[Round "6.1"]
[White "De Wit, Jim"]
[Black "Okita, Ryoga"]
[Result "0-1"]
[TimeControl "25min + 10sec/move"]
[WhiteElo "889"]
[BlackElo "829"]

1. d4 f5 2. Nf3 Nf6 3. Nc3 e6 4. e3 d6 5.
Bd3 Be7 6. Bd2 O-O 7. O-O Nc6 8. Qe2 e5 9. dxe5 dxe5 10. Bc4+ Kh8 11. Ne1 e4 12. f3 Ng8 13.
fxe4 fxe4 14. Rxf8 Qxf8 15. Nxe4 Bf5 16. Nc3 Qf6 17. Rb1 Bd6 18.
Nd5 Qg6 19. Nf3 Bxc2 20. Rc1 Be4 21. b4 Qh6 22. b5 Bxf3 23. Qxf3 Qxh2+ 24. Kf2 Ne5 25. Qe4 Rf8+ 26. Ke2 Nxc4 27. Qxc4 Qxg2+ 28. Kd3 Qg6+ 29. Kc3 Be5+ 30.
Kb3 Qe6 31. Rh1 Rd8 32. e4 c6 33. Kc2 cxd5 34. exd5 Qf5+ 35. Kc1 Rc8 36. Qxc8 Qxc8+ 37. Kd1 Qg4+ 38. Kc2 Bf4 39. Bxf4 Qxf4 40. d6 Qxd6 41. a4 Qb6 42. a5 Qxb5 43. a6 Qxa6 44. Rb1 Qg6+ 45. Kb2 Qxb1+ 46. Kxb1 h5 47. Kc1 a5 48. Kd2 h4 49. Ke3 h3 50.
Kf3 a4 51. Kg3 a3 52. Kxh3 a2 53.
Kg3 a1=Q 54. Kf3 Qd4 55. Ke2 Qc3 56. Kd1 Qb2 57. Ke1 Nf6 58. Kf1 Ne4 59. Kg1 Nf6 60. Kf1 Kh7 61. Kg1 Kg6 62.
Kf1 Kg5 63. Kg1 Kg4 64. Kf1 Kf3 65. Ke1 Qe2# 0-1

[Event "ONJK FGH 1"]
[Site "Enschede, Netherlands"]
[Date "2022.08.09"]
[Round "6.2"]
[White "Mousa, Besher"]
[Black "Datta, Satadru"]
[Result "1-0"]
[TimeControl "25min + 10sec/move"]
[WhiteElo "782"]
[BlackElo "786"]

1. e4 e5 2. Nf3 Nc6 3. Bc4 Bc5 4.
O-O Nf6 5. Nc3 d6 6. d3 Bg4 7. Be3 Bb6 8. h3 Bh5 9.
Bg5 Nd4 10. Bxf6 Qxf6 11. g4 Nxf3+ 12. Kh1 Bg6 13. Nd5 Qd8 14.
Nxb6 axb6 15. Qxf3 O-O 16. Qg3 Qe7 17. h4 h6 18. Kg2 c5 19. Qh3 Bh7 20. Rh1 Rfe8 21. Kf1 Qf6 22. g5 hxg5 23. hxg5 Qg6 24. Ke2 Rad8 25. Rh2 d5 26. Bxd5 Rd6 27.
Rah1 Kf8 28. Qxh7 Qxh7 29. f3 Rg6 30. Rxh7 Ke7 31. Rg1 Ke6 32. Bxb7 Kd7 33. Bd5 Ke7 34. a4 Kf8 35. c3 Ke7 36.
b4 Kf8 37. a5 cxb4 38. a6 Rd6 39. a7 Rdd8 40. g6 fxg6 41. Rxg6 Re7 42. a8=Q Rxa8 43. Bxa8 Kg8 44. Rh4 Kf7 45. Rhg4 Kf8 46. Bd5 bxc3 47. Kd1 Rc7 48. Kc2 b5 49. R6g5 b4 50. Rxe5 b3+ 51. Bxb3 Rc8 52. Rh4 g6 53. d4 Kg7 54. d5 Kf6 55. Re6+ Kg5 56.
Rg4+ Kh6 57. d6 Kh7 58. Ba4 Kg7 59. d7 Rd8 60. Re8 Rxd7 61. Bxd7 Kf7 62.
Rf4+ Kg7 63. Ra8 g5 64. Rg4 Kg6 65. e5 Kh5 66. Kxc3 Kh6 67. e6 Kg6 68. e7 Kg7 69. e8=Q Kf6 70.
Qe6+ Kg7 71. Rg8+ Kh7 72. Qg6# 1-0

[Event "ONJK FGH 1"]
[Site "Enschede, Netherlands"]
[Date "2022.08.09"]
[Round "6.3"]
[White "Heeres, Felix"]
[Black "Verwer, Cedric"]
[Result "0-1"]
[TimeControl "25min + 10sec/move"]
[WhiteElo "495"]
[BlackElo "552"]

1. e4 e5 2. Nf3 Nc6 3. Bc4 Nf6 4.
Nc3 Nxe4 5. Nxe4 d5 6. d3 dxe4 7. dxe4 Qxd1+ 8. Kxd1 Bc5 9. Ng5 O-O 10. Bd2 Bxf2 11. Rf1 Bg4+ 12. Kc1 Bh4 13.
Bxf7+ Kh8 14. h3 Bh5 15. b3 Bxg5 16. Bxg5 Bxf7 17. Kb2 h6 18. Bd2 Rad8 19. Bc3 Kh7 20. h4 g5 21. hxg5 h5 22.
g4 hxg4 23. Rh1+ Kg6 24. Rh6+ Kg7 25. Rah1 Bg6 26. Rg1 Bxe4 27. Rxg4 Bf5 28. Rgh4 Nd4 29. a4 e4 30. Ka3 e3 31. Bb4 Nxc2+ 32. Kb2 Nxb4 33. Rxb4 e2 34. Rh1 Rd1 35.
Rxd1 exd1=Q 36. Rxb7 Qe2+ 37. Ka3 Qe7+ 38. Rb4 a5 39. Kb2 Qe5+ 40. Ka3 Qa1# 0-1

[Event "ONJK FGH 1"]
[Site "Enschede, Netherlands"]
[Date "2022.08.10"]
[Round "7.1"]
[White "Okita, Ryoga"]
[Black "Mousa, Besher"]
[Result "1-0"]
[TimeControl "25min + 10sec/move"]
[WhiteElo "829"]
[BlackElo "782"]

1. e4 e5 2. Nf3 Nc6 3. Bc4 Bc5 4. d3 Nf6 5.
Bg5 O-O 6. Nc3 h6 7. Bh4 Be7 8. O-O d6 9. d4 Be6 10. d5 Bd7 11.
dxc6 Bxc6 12. Bxf6 Bxf6 13. Nd5 b5 14. Nxf6+ Qxf6 15. Bd5 Bxd5 16. Qxd5 c5 17. Rfd1 Rad8 18. Qb7 Qg6 19. Qxb5 Rfe8 20. Qa6 Re6 21.
Qxa7 Rf6 22. Nxe5 dxe5 23. Rxd8+ Kh7 24. Qxc5 Qg5 25. Rd5 Rg6 26. g3 Re6 27. f4 Qh5 28. Rxe5 Rxe5 29. Qxe5 Qe2 30. Qf5+ Kg8 31. a4 Qe3+ 32. Kf1 Qf3+ 33.
Ke1 Qh1+ 34. Kd2 Qxa1 35. Qb5 Qg1 36. a5 Qxh2+ 37. Qe2 Qxg3 38. a6 Qxf4+ 39. Qe3 Qd6+ 40. Qd3 Qh2+ 41. Kc3 Qc7+ 42. Kb3 Qb6+ 43. Ka2 Qa5+ 44. Qa3 Qd8 45. a7 Qa8 46. Qa6 h5 47. Qb6 Qf8 48. Qb8 Qxb8 49. axb8=Q+ Kh7 50. Qh2 Kh6 51. b4 g5 52. b5 g4 53. b6 h4 54. Qxh4+ Kg6 55. b7 1-0

[Event "ONJK FGH 1"]
[Site "Enschede, Netherlands"]
[Date "2022.08.10"]
[Round "7.2"]
[White "Oelmeijer, Sjoerd"]
[Black "Verwer, Cedric"]
[Result "1-0"]
[TimeControl "25min + 10sec/move"]
[WhiteElo "743"]
[BlackElo "552"]

1. d4 d5 2. c4 dxc4 3. e4 b5 4. a4 c6 5. Nc3 a6 6. axb5 cxb5 7. Nxb5 axb5 8. Rxa8 Bb7 9. Ra1 e6 10. e5 Ne7 11. Be2 Nf5 12. Nf3 Bxf3 13. Bxf3 Bb4+ 14. Bd2 Qxd4 15.
Bxb4 Qxe5+ 16. Qe2 Qxe2+ 17. Bxe2 Nc6 18. Ra8+ Nd8 19. Ba5 O-O 20. Rxd8 Rxd8 21. Bxd8 Nd4 22. Bf3 Nc2+ 23. Kd2 Nb4 24. Ra1 h6 25. Ra8 Kh7 26. Be4+ f5 27.
Bf3 Nd5 28. Bxd5 exd5 29. Ra5 g5 30. Rxb5 Kg6 31. Rxd5 h5 32.
Rc5 g4 33. Rxc4 Kf7 34. Rc5 Ke6 35. b4 Kd6 36. Rc1 Ke5 37. b5 f4 38. b6 h4 39. b7 g3 40. fxg3 h3 41. gxf4+ Kxf4 42. b8=Q+ Kg4 43. gxh3+ Kxh3 44. Qg3+ 1-0

[Event "ONJK FGH 1"]
[Site "Enschede, Netherlands"]
[Date "2022.08.10"]
[Round "7.3"]
[White "Datta, Satadru"]
[Black "De Wit, Jim"]
[Result "1-0"]
[TimeControl "25min + 10sec/move"]
[WhiteElo "786"]
[BlackElo "889"]

1. e4 e5 2. Nf3 Nc6 3. Bc4 Bc5 4.
Nc3 Nf6 5. d3 d6 6. Bg5 O-O 7.
Nd5 Kh8 8. Nxf6 gxf6 9. Bh6 Re8 10. Bxf7 Re7 11. Bb3 Bg4 12. c3 Qe8 13. O-O Qh5 14. Bd2 Bxf3 15. gxf3 Rg7+ 16. Kh1 Qh3 17.
Rg1 Rxg1+ 18. Qxg1 Na5 19. Qf1 Qxf1+ 20. Rxf1 Nxb3 21. axb3 a6 22. b4 Ba7 23. c4 Re8 24. Be3 Bxe3 25.
fxe3 b6 26. Ra1 Ra8 27. b5 a5 28. b3 c5 29. bxc6 Rc8 30. Kg2 Rxc6 31. Kg3 Kg7 32. h4 Rc8 33. f4 Rg8 34. fxe5 fxe5 35.
Rg1 Kf6+ 36. Kf2 Rxg1 37. Kxg1 Kg6 38. Kg2 h6 39. Kg3 h5 40. d4 Kf6 41. Kf3 Kg6 42. d5 Kf6 43. Kg3 Kf7 44.
Kf3 Ke7 45. Ke2 Kd7 46. Kd3 Kc7 47. Kc3 Kb7 48. b4 axb4+ 49. Kxb4 Ka6 50. Ka4 Kb7 51. Kb5 Kc7 52. Ka6 b5 53.
cxb5 Kd7 54. b6 Kc8 55.
Ka7 Kd7 56. b7 Ke7 57. b8=Q Kf6 58. Qxd6+ Kf7 59. Qxe5 Kg6 60. d6 Kf7 61. Qf5 Kg7 62. Qxh5 Kf6 63. d7 Ke6 64. Qh7 Ke5 65.
Qe7# 1-0

[Event "ONJK FGH 1"]
[Site "Enschede, Netherlands"]
[Date "2022.08.10"]
[Round "8.1"]
[White "Verwer, Cedric"]
[Black "Okita, Ryoga"]
[Result "0-1"]
[TimeControl "25min + 10sec/move"]
[WhiteElo "552"]
[BlackElo "829"]

1. e4 e5 2. Nf3 Nc6 3. d4 d6 4.
dxe5 dxe5 5. Qxd8+ Nxd8 6. Nxe5 Nf6 7. Nc3 Be6 8. Bd3 Bd6 9. Nf3 Nc6 10. Bb5 Bb4 11. Bxc6+ bxc6 12. e5 Bxc3+ 13. bxc3 Nd5 14. Bd2 O-O 15.
O-O Rab8 16. Rab1 Bf5 17. Rxb8 Rxb8 18. Nd4 Bd7 19. c4 Nb4 20. a3 Na6 21. h3 c5 22. Nb3 Be6 23. Ba5 Bxc4 24.
Nd2 Bxf1 25. Nxf1 Rb1 26. f4 Rc1 27. c3 Ra1 28. c4 Rxa3 29. Bd2 Nb4 30. Ne3 Ra1+ 31. Kf2 Ra2 32. Ke2 a5 33. Nd5 Nxd5 34. cxd5 Kf8 35.
Kd3 a4 36. Ba5 Ke7 37. Kc4 a3 38.
Kxc5 Rc2+ 39. Kb5 a2 40.
Bxc7 a1=Q 41. d6+ Kd7 42. e6+ fxe6 43. Ba5 Qb1+ 44. Ka6 Ra2 45. g4 Kc6 46. d7 Qb6# 0-1

[Event "ONJK FGH 1"]
[Site "Enschede, Netherlands"]
[Date "2022.08.10"]
[Round "8.2"]
[White "Mousa, Besher"]
[Black "Oelmeijer, Sjoerd"]
[Result "0-1"]
[TimeControl "25min + 10sec/move"]
[WhiteElo "782"]
[BlackElo "743"]

1. e4 e5 2. Nf3 Nc6 3. Nc3 Nf6 4. Bc4 Bc5 5. O-O O-O 6. d3 d6 7. Bg5 h6 8. Bh4 Bg4 9. h3 Bd7 10.
Nd5 Nxd5 11. Bxd5 Qe8 12. c3 Be6 13. b4 Bb6 14. a4 a5 15. b5 Bxd5 16. bxc6 Bxc6 17. d4 exd4 18. cxd4 Qxe4 19.
Bg3 Qe8 20. Re1 Qd7 21. d5 Bxa4 22. Rxa4 Rfe8 23. Rg4 a4 24. Qa1 f6 25. Rxe8+ Qxe8 26. Qxf6 Qf7 27. Qxh6 a3 28. Nd2 a2 29.
Nb3 a1=Q+ 30. Nxa1 Rxa1+ 31. Kh2 Bd4 32. Qh4 Bf6 33. Qh6 Ra4 34. Qe3 Rxg4 35. hxg4 Qxd5 36. Qe8+ Kh7 37. Qd7 c5 38. Bxd6 Be5+ 39.
g3 Bxd6 40. Qf5+ Qxf5 41. gxf5 c4 42.
Kg1 c3 43. Kf1 c2 44. Ke2 c1=Q 45. Kf3 b5 46. Kg2 b4 47. Kh2 b3 48. Kh3 b2 49.
Kh4 b1=Q 50. Kh5 Qxf5+ 51. Kh4 Qh6# 0-1

[Event "ONJK FGH 1"]
[Site "Enschede, Netherlands"]
[Date "2022.08.10"]
[Round "8.3"]
[White "Heeres, Felix"]
[Black "Datta, Satadru"]
[Result "0-1"]
[TimeControl "25min + 10sec/move"]
[WhiteElo "495"]
[BlackElo "786"]

1. e4 e5 2. Nf3 Nc6 3. Nc3 Nf6 4.
Bc4 Bc5 5. O-O d6 6. Ng5 Be6 7. Bxe6 fxe6 8. a3 h6 9. Nxe6 Qe7 10. Nd5 Nxd5 11. exd5 Na5 12. b4 Bxb4 13. axb4 Nc4 14. d3 Nb6 15. Qh5+ Kd7 16. Re1 Rag8 17.
Rxa7 g6 18. Qg4 Ke8 19. Re3 Nxd5 20. Ra8+ Kf7 21. Rf3+ Nf6 22. Rxg8 Rxg8 23. Nxc7 Qxc7 24. Qc4+ Qxc4 25. dxc4 e4 26. Ra3 h5 27. Ra7 Rb8 28.
Bf4 Ke6 29. c5 Nd5 30. Bxd6 Rd8 31. Bg3 Nxb4 32. Rxb7 Rd1# 0-1

[Event "ONJK FGH 1"]
[Site "Enschede, Netherlands"]
[Date "2022.08.10"]
[Round "9.1"]
[White "Okita, Ryoga"]
[Black "Datta, Satadru"]
[Result "1-0"]
[TimeControl "25min + 10sec/move"]
[WhiteElo "829"]
[BlackElo "786"]

1. e4 e5 2. Nf3 Nc6 3. Bc4 Bc5 4. d3 Nf6 5. Bg5 O-O 6. Nc3 d6 7. h3 Be6 8. Bd5 Re8 9. O-O h6 10.
Bh4 Qd7 11. Bxf6 gxf6 12. Nd2 Rad8 13. Bxe6 Qxe6 14. Qh5 Kh7 15. Nd5 Bb6 16. Qh4 Kg7 17. Kh1 Rg8 18. f4 Nd4 19. fxe5 fxe5 20.
Rf6 Qe8 21. Qxh6# 1-0